 Dungeon Crawl Stone Soup version 0.29.0-13-gc9e81de378 (webtiles) character file.

Game seed: 16608531906662097161

129 Persephone the Trooper (level 5, -1/47 HPs)
             Began as a Hill Orc Monk on Sept 7, 2022.
             Was a Believer of Beogh.
             Slain by an orc wizard
             ... wielding a +0 dagger
              (3 damage)
             ... on level 4 of the Dungeon.
             The game lasted 00:04:46 (2898 turns).

Persephone the Trooper (Hill Orc Monk)              Turns: 2898, Time: 00:04:46

Health: -1/47      AC:  5    Str: 13    XL:     5   Next: 12%
Magic:  5/5        EV: 11    Int: 14    God:    Beogh [**....]
Gold:   186        SH:  0    Dex: 12    Spells: 4/4 levels left

rFire   . . .      SeeInvis .   a - +0 spear
rCold   . . .      Faith    .   (no shield)
rNeg    . . .      Spirit   .   l - +0 ring mail
rPois   .          Reflect  .   (no helmet)
rElec   .          Harm     .   (no cloak)
rCorr   +          Rampage  .   (no gloves)
Will    .....                   (no boots)
Stlth   +.........              (no amulet)
HPRegen 0.15/turn               n - ring of resist corrosion
MPRegen 0.09/turn               (no ring)

@: flying
A: clever 1, mutation resistance 1, weak 1
a: Renounce Religion, Smiting


You were on level 4 of the Dungeon.
You worshipped Beogh.
Beogh was pleased with you.
You visited 1 branch of the dungeon, and saw 4 of its levels.

You collected 186 gold pieces.

Inventory:

Hand Weapons
 a - a +0 spear (weapon)
Armour
 l - a +0 ring mail (worn)
 q - a +0 helmet
Jewellery
 n - a ring of resist corrosion (left hand)
Scrolls
 b - 2 scrolls of teleportation
 i - a scroll of acquirement
 j - 3 scrolls of identify {unknown}
 k - a scroll of fear {unknown}
 p - a scroll of vulnerability {unknown}
Potions
 c - 2 potions of ambrosia
 d - a potion of flight
 f - a potion of degeneration {unknown}
 g - a potion of resistance {unknown}
 m - 2 potions of mutation
 o - a potion of cancellation {unknown}


   Skills:
 + Level 4.6 Fighting
 + Level 4.2 Polearms
 + Level 3.1 Dodging
 + Level 2.6 Stealth


You had 4 spell levels left.
You didn't know any spells.
Your spell library contained the following spells:

 Spells                   Type           Power      Damage    Failure   Level
 Shock                    Conj/Air       0%         1d3       54%         1
 Ensorcelled Hibernation  Hex/Ice        0%         N/A       67%         2
 Passwall                 Tmut/Erth      0%         N/A       67%         2
 Ozocubu's Armour         Ice            0%         N/A       88%         3
 Swiftness                Air            0%         N/A       88%         3
 Airstrike                Air            0%         2d(0-16)  99%         4
 Passage of Golubria      Tloc           0%         N/A       99%         4
 Metabolic Englaciation   Hex/Ice        0%         N/A       100%        5
 Silence                  Hex/Air        0%         N/A       100%        5
 Simulacrum               Ice/Necr       0%         N/A       100%        6
 Lehudib's Crystal Spear  Conj/Erth      0%         10d2      100%        8


Dungeon Overview and Level Annotations

Branches:
Dungeon (4/15)
 Temple: D:4-7

Altars:


Innate Abilities, Weirdness & Mutations

Your mind is acute. (Int +4, Str/Dex -1)
You are somewhat resistant to further mutation.
You are weak. (Str -2)


Message History

You have reached level 5!
You feel stronger.
You feel better. The orc wizard misses you. The orc barely misses you.
The orc priest miscasts a cantrip.
You barely miss the orc wizard.
The orc priest calls down the wrath of Beogh upon you.
Pain shoots through your body!
The orc wizard hits you but does no damage.
The orc hits you with a +0 dagger.
* * * LOW HITPOINT WARNING * * *
You closely miss the orc priest. The orc wizard closely misses you.
The orc hits you but does no damage.
The orc priest hits you with a +0 short sword.
* * * LOW HITPOINT WARNING * * *
You hit the orc priest but do no damage.
The orc priest hits you but does no damage.
The orc wizard barely misses you. The orc hits you but does no damage.
You hit the orc priest.
The orc priest is lightly wounded.
You closely miss the orc priest.
The orc priest is lightly wounded.
The orc wizard completely misses you.
The orc priest hits you with a +0 short sword.
* * * LOW HITPOINT WARNING * * *
The orc misses you.
You feel better.
The orc wizard gestures at you while chanting.
The puff of flame hits you.
* * * LOW HITPOINT WARNING * * *
The orc priest mumbles some strange prayers to Beogh against you.
Pain shoots through your body!
* * * LOW HITPOINT WARNING * * *
The orc hits you with a +0 dagger.
* * * LOW HITPOINT WARNING * * *
Unknown command.
It was a potion of mutation.
You feel extremely strange.
You feel clever.
You feel weaker.
You feel genetically stable.
The orc wizard hits you with a +0 dagger.
You die...
Beogh appreciates the orc wizard's killing of a heretic priest.

..................
#.######..#........#
≈≈.............# .
~~######.....#.# #.
≈.#............##.. ## .
#...####.......#..#
.###..
###.####....<....###.....
...........#..o#...#
.#......†....@o..#.#
#.##........o....#
........#.#.#.####.#
.#.####.#....## #
#.#.#.## #.#.#.# ..... .
. .. ##


You could see an orc priest, an orc wizard and an orc.

Vanquished Creatures
  An orc priest (D:4)
  4 adders
  2 worms
  A dart slug (D:4)
  An orc (D:3)
  5 bats
  5 endoplasms
  4 giant cockroaches
  3 goblins
  5 hobgoblins
  3 jackals (D:3)
  2 kobolds
  3 quokkas
  5 ball pythons
  6 frilled lizards
  3 rats
53 creatures vanquished.

Vanquished Creatures (others)
  An orc (D:3)
  A hobgoblin (D:3)
2 creatures vanquished.

Grand Total: 55 creatures vanquished

Notes
Turn   | Place    | Note
-------+----------+-------------------------------------------
     0 | D:1      | Persephone the Hill Orc Monk began the quest for the Orb.
     0 | D:1      | Reached XP level 1. HP: 19/19 MP: 1/1
   204 | D:1      | Reached XP level 2. HP: 27/27 MP: 2/2
   699 | D:1      | Found a faded altar of an unknown god.
   869 | D:2      | Reached XP level 3. HP: 33/33 MP: 3/3
   899 | D:2      | You fall into a shaft and drop 1 floor!
  1264 | D:3      | Reached XP level 4. HP: 21/40 MP: 4/4
  1482 | D:3      | Became a worshipper of Beogh the Brigand
  1482 | D:3      | Reached * piety under Beogh
  1482 | D:3      | Reached ** piety under Beogh
  1583 | D:2      | Identified the +4 chain mail "Barruin" {Rampage Will-
                  | Slay+2 Stlth+}
  2877 | D:4      | Identified 2 scrolls of acquirement
  2877 | D:4      | Acquired a +4 broad axe of freezing
  2891 | D:4      | Reached XP level 5. HP: 12/47 MP: 5/5
  2897 | D:4      | HP: 2/47 [orc/+0 dagger (1)]
  2898 | D:4      | Gained mutation: Your mind is acute. (Int +4, Str/Dex -1)
                  | [potion of mutation]
  2898 | D:4      | Gained mutation: You are weak. (Str -2) [potion of
                  | mutation]
  2898 | D:4      | Gained mutation: You are somewhat resistant to further
                  | mutation. [potion of mutation]
  2898 | D:4      | Slain by an orc wizard

Illustrated notes

Levels and vault maps discovered:
D:1:      dpeg_arrival_rooms_c, layout_basic,
          hellmonk_ecumenical_altar_heavens_door, nicolae_figureground_sparkle
D:2:      layout_rooms, serial_co_window_serial, co_window_corner_a,
          co_window_corner_a, co_window_paths_a, co_window_paths_b,
          co_window_cross_1, co_window_broadway_a, co_window_corner_b,
          co_window_2corner, co_window_unsneaky_path_d, co_window_broadway_a,
          glass_columns_a
D:3:      layout_loops_ring
D:4:      layout_loops_ring, gammafunk_ghost_grave,
          kennysheep_opposing_triangles

Skill      XL: |  1  2  3  4 |
---------------+-------------+-----
Fighting       | 4 |  4.6
Stealth        | 2 |  2.6
Polearms       | 4 |  4.2
Dodging        | 3 |  3.1

Action                   |  1- 3 |  4- 6 || total
-------------------------+-------+-------++-------
Melee: Spear             |   126 |   112 ||   238
       Punch             |     2 |     1 ||     3
Invok: Convert to Beogh  |       |     1 ||     1
  Use: Potion            |       |     6 ||     6
       Scroll            |       |     3 ||     3
 Stab: Distracted        |     1 |       ||     1
       Sleeping          |       |     6 ||     6
Armor: Leather armour    |    10 |       ||    10
       Ring mail         |    24 |    27 ||    51
Dodge: Dodged            |    53 |    57 ||   110
